 Dungeon Crawl Stone Soup version 0.19-a0-1247-gdb14cb7 (webtiles) character file.

606 Banto the Covert (level 7, 0/90 HPs)
             Began as a Naga Skald on Aug 27, 2016.
             Slain by runewalsh's ghost (1 damage)
             ... on level 5 of the Dungeon.
             The game lasted 00:10:07 (4328 turns).

Banto the Covert (Naga Skald)                       Turns: 4328, Time: 00:10:08

Health: 0/90       AC:  4    Str: 19    XL:     7   Next: 42%
Magic:  10/10      EV:  9    Int: 12    God:
Gold:   141        SH:  0    Dex: 18    Spells: 3 memorised, 4 levels left

rFire  . . .     SeeInvis +     u - +0 falchion (elec)
rCold  . . .     Gourm    .     b - +0 leather armour
rNeg   . . .     Faith    .     (no shield)
rPois  +         Spirit   .     n - +0 helmet
rElec  .         Dismiss  .     (no cloak)
rCorr  .         Reflect  .     (no gloves)
MR     .....     Harm     .     (no barding)
Stlth  ..........               (no amulet)
                                (no ring)
                                k - +5 ring of dexterity

@: berserking, quick
A: see invisible, deformed body, poison resistance, slowness 2, slow metabolism
1, spit poison 2, AC +2
a: Spit Poison


You were on level 5 of the Dungeon.
You were hungry.

You visited 1 branch of the dungeon, and saw 5 of its levels.

You collected 141 gold pieces.

Inventory:

Hand Weapons
 a - a +0 short sword
 u - a +0 falchion of electrocution (weapon)
Armour
 b - a +0 leather armour (worn)
 n - a +0 helmet (worn)
Jewellery
 g - an uncursed ring of fire
 k - a +5 ring of dexterity (left hand)
Scrolls
 p - 3 scrolls of remove curse
Potions
 c - a potion of cure mutation
 e - a potion of agility
 h - 7 potions of curing
 l - 2 potions of haste
 m - a potion of flight
 q - 2 potions of degeneration
 r - a potion of resistance {unknown}
 s - a potion of lignification {unknown}
 v - a potion of brilliance {unknown}
Books
 i - a book of Minor Magic

   Spells                             Type                      Level
   a - Magic Dart                     Conjuration                  1
   b - Blink                          Translocation                2
   c - Call Imp                       Summoning                    2
   d - Repel Missiles                 Charms/Air                   2
   e - Slow                           Hexes                        2
   f - Conjure Flame                  Conjuration/Fire             3
   g - Mephitic Cloud                 Conjuration/Poison/Air       3
Comestibles
 d - 2 bread rations
 j - a meat ration


   Skills:
 - Level 2.0 Fighting
 + Level 5.7 Short Blades
 - Level 0.7 Armour
 - Level 0.7 Dodging
 + Level 8.5 Stealth
 - Level 2.0 Spellcasting
 - Level 3.0 Charms


You had 4 spell levels left.
You knew the following spells:

 Your Spells              Type           Power        Failure   Level  Hunger
a - Infusion              Chrm           #...         12%         1    ##.....
b - Song of Slaying       Chrm           #.......     14%         2    ###....
c - Regeneration          Chrm/Necr      #.........   54%         3    ####...


Dungeon Overview and Level Annotations

Branches:
Dungeon (5/15)
 Temple: D:4-7

Altars:
Cheibriados
Xom
Yredelemnul

Annotations:
D:3 vetinari's ghost, amateur NaTm
D:5 runewalsh's ghost, novice OpIE


Innate Abilities, Weirdness & Mutations

You cannot wear boots.
Your serpentine skin is tough. (AC +2)
You have supernaturally acute eyesight. (SInv)
Armour fits poorly on your strangely shaped body.
Your system is resistant to poisons. (rPois)
You cover ground very slowly.
You have a slow metabolism.
You can spit poison.


Message History

You take 38 damage, and have 6/60 hp.
MASSIVE DAMAGE!!
Unknown command.
Okay, then.
A red film seems to cover your vision as you go berserk!
You feel yourself moving faster!
You feel mighty!
The shadow imp hits you but does no damage.
Runewalsh's ghost hits you.
* * * LOW HITPOINT WARNING * * *
Runewalsh's ghost freezes you.
* * * LOW HITPOINT WARNING * * *
You now have 3/90 hp.
You slash runewalsh's ghost!
Runewalsh's ghost is lightly damaged.
The shadow imp hits you but does no damage.
You miss runewalsh's ghost.
Runewalsh's ghost is lightly damaged.
Runewalsh's ghost hits you.
* * * LOW HITPOINT WARNING * * *
Runewalsh's ghost freezes you.
You die...

...#..## #.# ......#
#.## . # #....# #..#
.. #)#....# #..##..#
#.#....+ ......
##.#....###$.###.#
####.$..............#
#.....W....###..#####
#.....5@........#
#...#####.......# .
#.......#
.....###.... ......
....)..
####.###..#..... #.#
#..####.. .# #..# .
...#


You could see runewalsh's ghost and a shadow imp.

Vanquished Creatures
  A phantom (D:4)
  2 ogres (D:4)
  A hound (D:5)
  2 orc priests (D:4)
  An iguana (D:5)
  Natasha (D:4)
  A worker ant (D:2)
  Terence (D:2)
  Robin (D:3)
  7 adders
  An ooze (D:2)
  2 dart slugs
  A giant gecko (D:4)
  6 orcs
  3 giant cockroaches
  11 goblins
  10 hobgoblins
  4 jackals (D:4)
  9 kobolds
  4 quokkas (D:4)
  5 bats
  2 giant newts
  10 rats
86 creatures vanquished.

Vanquished Creatures (others)
  A goblin (D:3)
  4 toadstools (D:1)
5 creatures vanquished.

Grand Total: 91 creatures vanquished

Notes
Turn   | Place    | Note
-------+----------+-------------------------------------------
     0 | D:1      | Banto the Naga Skald began the quest for the Orb.
     0 | D:1      | Reached XP level 1. HP: 19/19 MP: 3/3
   268 | D:1      | Reached skill level 1 in Stealth
   279 | D:1      | Reached XP level 2. HP: 20/26 MP: 1/5
   679 | D:2      | Reached skill level 2 in Stealth
   699 | D:2      | Reached XP level 3. HP: 14/32 MP: 3/6
   995 | D:2      | Learned a level 2 spell: Song of Slaying
   999 | D:2      | Learned a level 3 spell: Regeneration
  1030 | D:2      | Found a snail-covered altar of Cheibriados.
  1048 | D:2      | Reached skill level 3 in Stealth
  1165 | D:2      | Found a shimmering altar of Xom.
  1340 | D:2      | Reached XP level 4. HP: 30/39 MP: 3/7
  1461 | D:2      | Reached skill level 4 in Stealth
  1724 | D:2      | Noticed Terence
  1727 | D:2      | Killed Terence
  1883 | D:2      | Reached skill level 5 in Stealth
  1883 | D:2      | Reached XP level 5. HP: 39/45 MP: 5/8
  2020 | D:3      | Found a basalt altar of Yredelemnul.
  2065 | D:3      | Noticed vetinari's ghost (amateur NaTm)
  2229 | D:3      | Noticed Robin
  2260 | D:3      | Killed Robin
  2847 | D:4      | Noticed a phantom
  2848 | D:4      | Noticed Natasha
  2874 | D:4      | Noticed an ogre
  2882 | D:4      | Killed an ogre
  2882 | D:4      | Reached skill level 6 in Stealth
  2882 | D:4      | Reached XP level 6. HP: 34/52 MP: 9/9
  3395 | D:4      | Reached skill level 7 in Stealth
  3720 | D:4      | Reached skill level 5 in Short Blades
  4031 | D:4      | Reached XP level 7. HP: 40/60 MP: 10/10
  4042 | D:4      | Reached skill level 8 in Stealth
  4221 | D:4      | Killed Natasha
  4295 | D:5      | Entered Level 5 of the Dungeon
  4323 | D:5      | Noticed runewalsh's ghost (novice OpIE)
  4326 | D:5      | HP: 4/90 [runewalsh's ghost (5)]
  4328 | D:5      | HP: 1/90 [runewalsh's ghost (2)]
  4328 | D:5      | Slain by runewalsh's ghost

Vault maps used:
D:1:      ldierk_walled_garden_2
D:2:      grunt_temple_overflow_open, uniq_terence
D:3:      nicolae_overflow_crystal_walls, first_bread, minmay_door_square,
          minmay_misc_feat_doors, uniq_robin
D:4:      uniq_natasha

Skill      XL: |  1  2  3  4  5  6  7 |
---------------+----------------------+-----
Stealth        | 1 2 3 5 6 7 8 |  8.5
Short Blades   | 3 4 5 |  5.7
Fighting       | |  2.0
Armour         | |  0.7
Dodging        | |  0.7
Spellcasting   | |  2.0
Charms         | |  3.0

Action                   |  1- 3 |  4- 6 |  7- 9 || total
-------------------------+-------+-------+-------++-------
Melee: Short sword       |    97 |    88 |       ||   185
       Falchion          |       |    30 |    24 ||    54
 Cast: Infusion          |     8 |     8 |       ||    16
       Song of Slaying   |       |     1 |       ||     1
 Abil: Spit Poison       |    12 |    17 |     1 ||    30
  Use: Scroll            |     6 |     6 |     2 ||    14
       Potion            |       |     1 |     1 ||     2
 Stab: Sleeping          |       |    11 |     2 ||    13
       Distracted        |       |     1 |       ||     1
  Eat: Chunk             |     2 |     9 |       ||    11
Armor: Leather armour    |    37 |    32 |     6 ||    75
Dodge: Dodged            |    56 |    39 |     9 ||   104

Table legend:
 A = Turns spent in this place as a percentage of turns spent in the entire game.
 B = Non-inter-level travel turns spent in this place as a percentage of non-inter-level travel turns spent in the entire game.
 C = Inter-level travel turns spent in this place as a percentage of turns spent in this place.
 D = Turns resting spent in this place as a percentage of non-inter-level travel turns spent in this place.
 E = Turns spent auto-exploring this place as a percentage of non-inter-level travel turns spent in this place.
 F = Non-inter-level travel turns spent in this place divided by the number of levels of this place that you've seen.
                   A       B       C       D       E      F
               +-------+-------+-------+-------+-------+----------------------
         Total | 100.0 | 100.0 |   0.9 |   5.3 |   9.9 | 230.0
       Dungeon | 100.0 | 100.0 |   0.9 |   5.3 |   9.9 | 230.0
               +-------+-------+-------+-------+-------+----------------------

Table legend:
 A = Kills in this place as a percentage of kills in entire the game.
 B = Kills by you in this place as a percentage of kills by you in the entire game.
 C = Kills by friends in this place as a percentage of kills by friends in the entire game.
 D = Other kills in this place as a percentage of other kills in the entire game.
 E = Experience gained in this place as a percentage of experience gained in the entire game.
 F = Experience gained in this place divided by the number of levels of this place that you have seen.
                   A       B       C       D       E      F
               +-------+-------+-------+-------+-------+----------------------
         Total | 100.0 | 100.0 |  -nan |  -nan | 100.0 | 173.4
       Dungeon | 100.0 | 100.0 |  -nan |  -nan | 100.0 | 173.4
               +-------+-------+-------+-------+-------+----------------------
